[Event "*** Titled Tuesday Blitz"]
[Site "Chess.com"]
[Date "2020.11.10"]
[Round "9"]
[White "ChristopherYoo"]
[Black "eCztery"]
[Result "1-0"]
[WhiteElo "2820"]
[BlackElo "2324"]
[TimeControl "180+1"]
[EndTime "11:52:18 PST"]
[Termination "ChristopherYoo won by checkmate"]

1. Nf3 c5 2. c4 Nc6 3. Nc3 g6 4. g3 Bg7 5. Bg2 e5 6. O-O Nge7 7. a3 O-O 8. Rb1 d5 9. cxd5 Nxd5 10. Nxd5 Qxd5 11.
d3 Bg4 12. Be3 Rac8 13. Nd4 Qd6 14. Nxc6 bxc6 15. Rc1 Rfd8 16. h3 Bf5 17. Bxc5 Qd7 18. g4 Be6 19. Qa4 h5 20. gxh5 Bxh3 21. hxg6 fxg6 22. Qh4 Bf5 23. Rc4 Kf7 24. Qg3 Rh8 25.
Rfc1 Rh5 26. Be3 e4 27. dxe4 Be6 28. R4c2 Rch8 29. Rxc6 Be5 30. Bf4 Rh3 31. Bxh3 Rxh3 32. Qg5 Bf6 33. Qg2 Bd8 34. Rc7 Bxc7 35. Rxc7 Rh5 36. Rxd7+ Bxd7 37. Qg3 g5 38. Bxg5 Rh3 39. Qf4+ Kg8 40. Bf6 Rh7 41. Qe5 Kf7 42. Bg5 Kg6 43. Qf6+ Kh5 44. f3 Be8 45. Kf2 Bg6 46. Bf4 Rf7 47. Qg5# 1-0

[Event "*** Titled Tuesday Blitz"]
[Site "Chess.com"]
[Date "2020.11.10"]
[Round "9"]
[White "martynkovaelena"]
[Black "Malysch"]
[Result "0-1"]
[WhiteElo "2263"]
[BlackElo "2418"]
[TimeControl "180+1"]
[EndTime "11:52:18 PST"]
[Termination "Malysch won by resignation"]

1. d4 Nf6 2. c4 g6 3. Nf3 Bg7 4. g3 O-O 5. Bg2 c6 6. O-O d5 7. b3 dxc4 8. bxc4 c5 9. Bb2 Qb6 10. Qb3 Ne4 11. Nc3 Nxc3 12. Bxc3 Nc6 13. e3 Bg4 14. Ne5 cxd4 15. Nxc6 bxc6 16. exd4 Bxd4 17. Qxb6 Bxb6 18. Bxc6 Rac8 19. Bb5 Be2 20. Rfe1 Bxc4 21. Bxc4 Rxc4 22. Rac1 Rfc8 23. Bb2 Rc2 24. Rf1 Bxf2+ 25.
Rxf2 Rxc1+ 26. Bxc1 Rxc1+ 27. Kg2 f5 28. Rb2 Kf7 29.
Kf3 Rc3+ 30. Kf2 Kf6 31. h4 h6 32. Rd2 g5 33. hxg5+ hxg5 34. Rb2 f4 35. gxf4 gxf4 36. Rb4 e5 37. a4 Kf5 38. Rb7 Rc2+ 39. Kf1 Ke4 40.
Rxa7 Kf3 41. Ke1 e4 42. a5 e3 43. Kd1 Ra2 0-1

[Event "*** Titled Tuesday Blitz"]
[Site "Chess.com"]
[Date "2020.11.10"]
[Round "9"]
[White "Bigfish1995"]
[Black "Parhamov"]
[Result "0-1"]
[WhiteElo "2974"]
[BlackElo "2966"]
[TimeControl "180+1"]
[EndTime "11:52:19 PST"]
[Termination "Parhamov won by resignation"]

1. e4 c5 2. Nf3 Nc6 3. Bb5 e6 4.
c3 Nge7 5. O-O a6 6. Ba4 b5 7. Bc2 d5 8. Re1 Bb7 9. exd5 Nxd5 10. d4 Nf6 11. Bg5 cxd4 12. cxd4 Be7 13. Nc3 O-O 14. a3 Rc8 15. Qd3 g6 16. Rad1 Nd5 17. Nxd5 Bxg5 18.
Nc3 Na5 19. d5 exd5 20. b3 Bf6 21. Ne2 Nc6 22. b4 d4 23. Ng3 Ne7 24. Bb3 Rc3 25. Qb1 Bxf3 26. gxf3 Rxf3 27. Kg2 Rf4 28. Re4 Nd5 29.
Rde1 Nc3 30. Rxf4 Nxb1 31. Rxb1 Kg7 32. Rd1 Qa8+ 33. f3 Be5 34. Re4 Qb8 35. Rde1 Bf6 36. Rg4 Kh8 37. Ne4 Be7 38. Nf2 Qd8 39. Nd3 f5 40.
Rg3 Bh4 41. Nc5 Bxg3 42. hxg3 Re8 43. Rd1 Re3 44. Rd2 Qa8 45. Bd1 Qd5 46. Kf2 Rxa3 47. Nd3 Ra2 48. Nb2 d3 0-1

[Event "*** Titled Tuesday Blitz"]
[Site "Chess.com"]
[Date "2020.11.10"]
[Round "9"]
[White "nelsoncopa"]
[Black "cottage_cheese"]
[Result "0-1"]
[WhiteElo "1910"]
[BlackElo "2170"]
[TimeControl "180+1"]
[EndTime "11:52:19 PST"]
[Termination "cottage_cheese won on time"]

1. d4 d5 2. c4 dxc4 3. e3 e5 4.
Bxc4 exd4 5. exd4 Bd6 6. Nf3 Nf6 7. O-O O-O 8. Bg5 Bg4 9. Nc3 h6 10. Bh4 Nc6 11. h3 Bxf3 12. Qxf3 g5 13. Bg3 Bxg3 14. fxg3 Qxd4+ 15. Kh1 Qxc4 16. Qxf6 Qe6 17. Qf2 f5 18. Rae1 Qf7 19. Qc5 Rad8 20. Qb5 Nd4 21. Qxb7 c6 22. Re7 Qf6 23. Ne4 Qg6 24. Nc5 Rde8 25.
Rfe1 f4 26. Qb4 Rxe7 27. Rxe7 Nf5 28. Re6 Nxg3+ 29. Kh2 Qg7 30. Qc4 Qf7 31. Rg6+ Kh7 32. Qxf7+ Rxf7 33. Rxc6 Re7 34. a3 Re1 35. Rc7+ Kg6 36.
Rc6+ Kh5 0-1

[Event "*** Titled Tuesday Blitz"]
[Site "Chess.com"]
[Date "2020.11.10"]
[Round "9"]
[White "parintele_chess"]
[Black "SergeyShtyka"]
[Result "0-1"]
[WhiteElo "2151"]
[BlackElo "2356"]
[TimeControl "180+1"]
[EndTime "11:52:21 PST"]
[Termination "SergeyShtyka won by resignation"]

1. e4 c5 2. Nc3 Nc6 3. f4 g6 4. Nf3 Bg7 5. g3 e6 6. Bg2 Nge7 7. O-O O-O 8. d3 Rb8 9. Be3 Nd4 10. Rb1 b5 11.
Ne2 Nec6 12. c3 Nxf3+ 13. Rxf3 d6 14. f5 exf5 15. exf5 Ne5 16. Rf1 Bxf5 17. Rxf5 gxf5 18.
Nf4 Ng4 19. Bd2 Re8 20. h3 Nf6 21. Qf3 d5 22. g4 fxg4 23. hxg4 d4 24. g5 Nd7 25.
Rf1 Ne5 26. Qh5 Rb6 27. Be4 Ng6 28. Nd5 Rd6 29. c4 bxc4 30. Qf3 Ne5 31. Qf5 Rxd5 32. Qxh7+ Kf8 33. g6 f6 34. Bh6 Bxh6 35. Qxh6+ Ke7 36. Qg7+ Kd6 37. Rxf6+ Re6 38. Rxe6+ Kxe6 39. Bxd5+ Kxd5 40. dxc4+ Ke4 41. Qh6 Qf6 42. Qh1+ Ke3 43. Qh3+ Nf3+ 44. Kg2 Qxg6+ 45. Qg3 Qxg3+ 46. Kxg3 d3 0-1

[Event "*** Titled Tuesday Blitz"]
[Site "Chess.com"]
[Date "2020.11.10"]
[Round "9"]
[White "Sibelephant"]
[Black "youngKID"]
[Result "1-0"]
[WhiteElo "3084"]
[BlackElo "2840"]
[TimeControl "180+1"]
[EndTime "11:52:22 PST"]
[Termination "Sibelephant won on time"]

1. d4 Nf6 2. Nf3 d5 3. c4 e6 4. Nc3 Be7 5. Bg5 O-O 6. e3 Nbd7 7. Rc1 c5 8. cxd5 Nxd5 9. Bxe7 Nxe7 10. Bb5 cxd4 11. Qxd4 Nf6 12. O-O a6 13. Be2 b5 14.
Qc5 Bb7 15. Rfd1 Rc8 16. Qa7 Qc7 17. Nd5 Nfxd5 18. Rxc7 Rxc7 19. Qd4 h6 20. h3 Rfc8 21. Bd3 Nc6 22. Qe4 Nf6 23. Qh4 Rd8 24. Be2 Rdc8 25.
Nd4 Ne7 26. Qg3 Ne4 27. Qg4 Bd5 28. Bd3 Nf6 29. Qe2 g6 30. Qe1 Kg7 31. Kh2 e5 32. Ne2 Bxa2 33. Ra1 Bc4 34. Bxc4 Rxc4 35. Rxa6 Rc2 36. Qd1 Rxb2 37. Rxf6 Rcc2 38. Rf3 1-0

[Event "*** Titled Tuesday Blitz"]
[Site "Chess.com"]
[Date "2020.11.10"]
[Round "9"]
[White "Savagelittlemole"]
[Black "ShimanovAlex"]
[Result "0-1"]
[WhiteElo "2570"]
[BlackElo "2806"]
[TimeControl "180+1"]
[EndTime "11:52:22 PST"]
[Termination "ShimanovAlex won by checkmate"]

1. e4 Nf6 2. Nc3 Nc6 3. d4 d6 4. Nf3 Bg4 5. Be2 e6 6. O-O Be7 7. Be3 O-O 8. h3 Bh5 9. a3 Bg6 10. Bd3 a6 11. Nh4 e5 12. Nxg6 hxg6 13. d5 Nb8 14. Ne2 Nbd7 15. c4 Nh7 16. Qc2 Bg5 17.
Bxg5 Qxg5 18. Ng3 Nhf6 19. b4 Nh5 20. Nxh5 gxh5 21. c5 Nf6 22. cxd6 cxd6 23. Qc7 h4 24. f4 exf4 25. Qxd6 Qg3 26. Rf3 Qg5 27. Qxf4 Qxf4 28.
Rxf4 Nd7 29. Rxh4 Ne5 30. Be2 Rac8 31. Rf4 Rc2 32. Bf1 Rfc8 33. Rd1 f6 34. Rf2 R2c3 35.
a4 Rb3 36. b5 a5 37. d6 Kf8 38.
d7 Rd8 39. Rc2 Rxd7 40. Rxd7 Nxd7 41. Rc7 Nb6 42. Rxb7 Nxa4 43. Ra7 Nc3 44. Rxa5 Rb1 45. e5 fxe5 46. Ra3 Nd5 47. Ra8+ Ke7 48. Ra7+ Kf6 49.
Kf2 Rb2+ 50. Kf3 Rb4 51. Ra6+ Kg5 52. g3 e4+ 53. Ke2 Rb2+ 54. Kd1 Ne3+ 55. Ke1 Rb1+ 56. Kf2 Nxf1 57. h4+ Kf5 58. b6 Nh2 59. Ra7 Ng4+ 60. Ke2 Rb2+ 61. Ke1 Rxb6 62. Rxg7 Rb1+ 63. Ke2 Rb2+ 64.
Ke1 Ne5 65. h5 Nf3+ 66. Kf1 e3 67. Re7 Rf2# 0-1

[Event "*** Titled Tuesday Blitz"]
[Site "Chess.com"]
[Date "2020.11.10"]
[Round "9"]
[White "Gogolev_Artemy"]
[Black "Nuvas"]
[Result "1-0"]
[WhiteElo "2498"]
[BlackElo "2341"]
[TimeControl "180+1"]
[EndTime "11:52:24 PST"]
[Termination "Gogolev_Artemy won by resignation"]

1. Nf3 d5 2. c4 d4 3. d3 c5 4. g3 Nc6 5. Bg2 e5 6. e3 Nf6 7. exd4 cxd4 8. O-O Bd6 9. b4 O-O 10. a3 a5 11. b5 Nb8 12. Re1 Nbd7 13. Bg5 Re8 14. Nbd2 h6 15. Bxf6 Nxf6 16. Qc2 Bd7 17.
a4 Rc8 18. Ne4 Nxe4 19. Rxe4 b6 20. Nd2 Qf6 21. Re2 Qg6 22. Bd5 Kh8 23. Rae1 f5 24. Nf3 Qf6 25. Kg2 Re7 26. Nd2 Rce8 27. Nb3 Bb4 28. Rd1 e4 29. dxe4 fxe4 30. Rxe4 Bf5 31. Rxe7 Bxc2 32. Rxe8+ Bf8 33. Nxd4 Bxd1 34. Ne6 Qe5 35.
Rxf8+ Kh7 36. Nf4 Bc2 37. Bg8+ Kh8 38. Bd5+ Kh7 39. Bg8+ Kh8 40. c5 g5 41. Bb3+ Kg7 42.
Rf7+ Kg8 43. Rf5+ Bxb3 44. Rxe5 gxf4 45. gxf4 bxc5 46. Rxc5 Bxa4 47. b6 1-0

[Event "*** Titled Tuesday Blitz"]
[Site "Chess.com"]
[Date "2020.11.10"]
[Round "9"]
[White "ShahMatKanal"]
[Black "PavelShkapenko"]
[Result "0-1"]
[WhiteElo "2503"]
[BlackElo "2668"]
[TimeControl "180+1"]
[EndTime "11:52:25 PST"]
[Termination "PavelShkapenko won by resignation"]

1. Nf3 Nf6 2. c4 e6 3. Nc3 b6 4. e4 Bb7 5. Qc2 c5 6. d3 Be7 7. Be2 d5 8. cxd5 exd5 9. e5 Nfd7 10. d4 cxd4 11. Nb5 Nc6 12. Nbxd4 Nxd4 13. Nxd4 O-O 14. Bf4 Bb4+ 15. Kf1 Re8 16. a3 Bc5 17. Nf3 Rc8 18.
Qf5 Nf8 19. Re1 Qd7 20. Qh5 Qa4 21. g3 d4 22. Rg1 Qc2 23. Ng5 Qg6 24. Qh3 Ne6 25.
Nxe6 Qxe6 26. Bg4 Qc4+ 27. Be2 d3 28. Bd1 d2+ 29. Re2 Bf3 30. Bxd2 Bxe2+ 31. Bxe2 Qe4 32. Be3 Bxe3 33. fxe3 Rc1+ 34. Kf2 Rxg1 35. Kxg1 Qxe3+ 36. Kf1 Qxe5 37. b4 Qxe2+ 0-1

[Event "*** Titled Tuesday Blitz"]
[Site "Chess.com"]
[Date "2020.11.10"]
[Round "9"]
[White "m_ezat"]
[Black "Sacbutt"]
[Result "1-0"]
[WhiteElo "2463"]
[BlackElo "2290"]
[TimeControl "180+1"]
[EndTime "11:52:26 PST"]
[Termination "m_ezat won on time"]

1. e4 d5 2. exd5 Qxd5 3. d4 c6 4. Nc3 Qd6 5. Nf3 Nf6 6. Bc4 Bg4 7. h3 Bxf3 8. Qxf3 e6 9. O-O Nbd7 10. Rd1 Qc7 11. Bg5 Bd6 12. Bb3 O-O 13. Ne4 Nxe4 14. Qxe4 h6 15. Bh4 Bh2+ 16. Kh1 Qf4 17. Qxf4 Bxf4 18. c4 g5 19. Bg3 Bxg3 20. fxg3 Nf6 21. Bc2 Rad8 22. Rd2 Rd7 23. Rad1 Rfd8 24. Rd3 Kg7 25. Kg1 a6 26. Kf2 Ne4+ 27. Kf3 Nd6 28. b3 Nf5 29. Ke4 b6 30. d5 cxd5+ 31. cxd5 Nd6+ 32.
Ke5 exd5 33. Rxd5 Re7+ 34. Kd4 Red7 35. Ke3 Re7+ 36. Kf3 Red7 37. Bf5 Nxf5 38. Rxd7 Rc8 39. R7d3 Rc2 40. R1d2 Rc1 41. Kf2 Ne7 42. g4 Ng6 43. g3 Ne5 44. Re3 Ng6 45. Rd7 Rc2+ 46. Re2 Rc6 47. Re8 a5 48. Rb8 Rc2+ 49. Ke3 Rxa2 50.
Rbb7 1-0

[Event "*** Titled Tuesday Blitz"]
[Site "Chess.com"]
[Date "2020.11.10"]
[Round "9"]
[White "vrekhson"]
[Black "lucachess49"]
[Result "0-1"]
[WhiteElo "2208"]
[BlackElo "2361"]
[TimeControl "180+1"]
[EndTime "11:52:26 PST"]
[Termination "lucachess49 won by resignation"]

1. e4 e5 2. Nf3 Nc6 3. Bb5 a6 4. Ba4 Nf6 5. d3 d6 6. c3 Be7 7.
Nbd2 O-O 8. Nf1 b5 9. Bc2 d5 10. Ng3 dxe4 11. dxe4 Qxd1+ 12. Bxd1 Bb7 13. O-O Na5 14.
Bc2 Bd6 15. Bg5 Nd7 16. Rad1 f6 17. Be3 Nc4 18. Bc1 Nc5 19. b3 Nb6 20. Nf5 Rad8 21. Be3 Bxe4 22. Bxe4 Nxe4 23. Nxd6 Nxd6 24. Bc5 Rf7 25.
Rd2 Rfd7 26. Bxb6 cxb6 27. Rfd1 Kf7 28. Ne1 Ke7 29. Nc2 Ne4 30. Rxd7+ Rxd7 31. Rxd7+ Kxd7 32. c4 bxc4 33. bxc4 Nc3 34. a3 Nb1 35. a4 Nc3 36.
Nb4 a5 37. Nd3 Nxa4 38. f4 e4 39. Nf2 Nc5 40. g4 a4 41. Nd1 a3 42. Nc3 Na4 43. Na2 Kc6 44. Kf2 Kc5 45. Ke3 Kxc4 46. Kxe4 Nc3+ 47. Nxc3 Kxc3 48. Kf5 a2 49. g5 a1=Q 50.
gxf6 gxf6 0-1

[Event "*** Titled Tuesday Blitz"]
[Site "Chess.com"]
[Date "2020.11.10"]
[Round "9"]
[White "NefeLV"]
[Black "MIJuanReyesRosa"]
[Result "0-1"]
[WhiteElo "1753"]
[BlackElo "2104"]
[TimeControl "180+1"]
[EndTime "11:52:27 PST"]
[Termination "MIJuanReyesRosa won by checkmate"]

1. d4 d5 2. Bf4 Nf6 3. Nf3 g6 4. Nc3 c5 5. e3 Bg7 6. Ne5 O-O 7. g4 Nc6 8. g5 Nh5 9. Nxc6 bxc6 10. dxc5 Qa5 11.
Qd2 Qxc5 12. Ne2 Bxb2 13. Rb1 Bg7 14. Bg3 Bg4 15. Rb3 a5 16. Bg2 a4 17. Rb1 Bxe2 18. Kxe2 d4 19. e4 Rfd8 20. Bf3 Qc4+ 21. Qd3 Qxd3+ 22. cxd3 Nxg3+ 23. hxg3 Rab8 24. Rhc1 Rxb1 25. Rxb1 Rc8 26. Rb4 c5 27. Rxa4 Rb8 28. Bg4 e6 29. Ra5 Bf8 30. Ra7 Rb2+ 31. Kf3 Bd6 32. a4 Ra2 33. a5 Ra3 34. Ke2 Ra2+ 35. Kf3 Ra3 36. Ke2 c4 37. dxc4 d3+ 38. Kd2 Bb4+ 39. Kd1 Ra1# 0-1

[Event "*** Titled Tuesday Blitz"]
[Site "Chess.com"]
[Date "2020.11.10"]
[Round "9"]
[White "Mikhail_Golubev"]
[Black "sjam6687"]
[Result "0-1"]
[WhiteElo "2588"]
[BlackElo "2726"]
[TimeControl "180+1"]
[EndTime "11:52:29 PST"]
[Termination "sjam6687 won on time"]

1. e4 e5 2. Nf3 Nc6 3. Bb5 a6 4. Ba4 Nf6 5. O-O Be7 6. d3 d6 7. c3 O-O 8. Nbd2 b5 9. Bc2 Bb7 10. Re1 d5 11. Qe2 d4 12. cxd4 Nxd4 13. Nxd4 exd4 14.
Nf3 c5 15. b4 Rc8 16. Bb2 Qb6 17. bxc5 Bxc5 18. Bb3 Rfe8 19. Ng5 Rc7 20. e5 Nd5 21.
Qe4 Qg6 22. Bxd5 Bxd5 23. Qxd5 Qxg5 24. Rac1 Qe7 25. Bxd4 Bxd4 26. Qxd4 Rd7 27. Qe4 Red8 28. Qc6 Rxd3 29. Qxa6 b4 30. h3 h6 31. Rc8 Qe6 32.
Qxd3 Rxc8 33. Qd6 Qxa2 34. Qxb4 Rc2 35. Qf4 g5 36. Qf6 Qe6 37. Qxe6 fxe6 38. g3 Kg7 39. Kg2 h5 40. Kf3 Kg6 41. Re3 Rc5 42. Re4 Ra5 43.
Re3 Rb5 44. Re4 Rd5 45. Re3 Kf5 46. g4+ Kg6 47. gxh5+ Kxh5 48. Kg3 Rb5 49. Re2 Rb1 50.
Rd2 Rb3+ 51. f3 Kg6 52. Rd8 Rb5 0-1

[Event "*** Titled Tuesday Blitz"]
[Site "Chess.com"]
[Date "2020.11.10"]
[Round "9"]
[White "MokshanovAlexey"]
[Black "Ural_bogatyr"]
[Result "1-0"]
[WhiteElo "2623"]
[BlackElo "2409"]
[TimeControl "180+1"]
[EndTime "11:52:29 PST"]
[Termination "MokshanovAlexey won on time"]

1. e4 e5 2. Nf3 Nc6 3. d4 exd4 4.
Nxd4 Qf6 5. Nxc6 Bc5 6. Qf3 dxc6 7.
Bc4 Be6 8. Qxf6 Nxf6 9. Bxe6 fxe6 10. f3 h6 11. Nd2 Ke7 12. Nb3 Bb6 13. c4 a5 14. a4 Nd7 15. Ke2 Nc5 16. Nxc5 Bxc5 17. Be3 Bb4 18. Rhd1 Rad8 19. Rxd8 Rxd8 20. Rd1 Rb8 21. Ba7 Ra8 22. Bd4 g5 23. h4 gxh4 24. Rh1 Rg8 25. Kf2 Rg6 26. Rxh4 Bd2 27. Be5 Bg5 28. Rh1 Bf6 29. Bxf6+ Kxf6 30. g4 e5 31. Rh5 Ke6 32. Ke3 Rf6 33. b3 b6 34. Rf5 Rg6 35. Kf2 Rg7 36. Kg3 Rd7 37. Rh5 Rd3 38. Rxh6+ Kd7 39. g5 Rxb3 40. Rh7+ Ke6 41. Rxc7 Kd6 42.
g6 Kxc7 43. g7 Rb1 44. Kh2 Rb2+ 45. Kh3 Rf2 46. g8=Q Rxf3+ 47. Kg2 Rf4 48. Qg6 Kd7 49. Kg3 Kc7 50. Qe6 1-0

[Event "*** Titled Tuesday Blitz"]
[Site "Chess.com"]
[Date "2020.11.10"]
[Round "9"]
[White "rugbyclub"]
[Black "JiiHart"]
[Result "0-1"]
[WhiteElo "2189"]
[BlackElo "2086"]
[TimeControl "180+1"]
[EndTime "11:52:29 PST"]
[Termination "JiiHart won by resignation"]

1. d4 Nf6 2. Nf3 e6 3. Bg5 c5 4. c3 Qb6 5. Na3 Qxb2 6. Nb5 Qxb5 7. Bxf6 gxf6 8. e4 Qa5 9. Qd2 cxd4 10. Nxd4 Nc6 11.
Be2 Nxd4 12. Qxd4 Qe5 13. Qd2 b6 14. O-O Bb7 15. f4 Qc5+ 16. Kh1 Bxe4 17. Rad1 Qc6 18. Bf3 Bxf3 19. Rxf3 f5 20. Qd4 Rg8 21. Rd2 Bg7 22. Qd3 Rc8 23. c4 Bf6 24. Rh3 Rc7 25. Rc2 d5 26.
Rxh7 dxc4 27. Qe2 Qe4 28. Qxe4 fxe4 29. Kg1 c3 30. Kf2 b5 31. Ke3 b4 32. Kxe4 a5 33. Rh5 a4 34. Rb5 Rc4+ 35. Kd3 Rd4+ 36. Ke3 Kd7 37.
h3 Kc6 38. Ra5 Rgd8 39. g4 Rd3+ 40. Ke2 Rd2+ 41. Rxd2 Rxd2+ 42. Ke1 Rxa2 43. Ra6+ Kb5 44.
Ra8 Ra1+ 45. Ke2 c2 46. Rc8 Bc3 0-1

[Event "*** Titled Tuesday Blitz"]
[Site "Chess.com"]
[Date "2020.11.10"]
[Round "9"]
[White "Vamostodorecto"]
[Black "szachuspl"]
[Result "0-1"]
[WhiteElo "2372"]
[BlackElo "2529"]
[TimeControl "180+1"]
[EndTime "11:52:30 PST"]
[Termination "szachuspl won by resignation"]

1. d4 Nf6 2. c4 g6 3. Nc3 Bg7 4. e4 d6 5. Be2 O-O 6. Nf3 e5 7. O-O Na6 8. Be3 Ng4 9. Bg5 Qe8 10. c5 exd4 11. Nxd4 dxc5 12. Bxg4 Bxg4 13. Qxg4 Bxd4 14. Nd5 f6 15. Bh6 Rf7 16. Rfe1 c6 17. Nf4 Nc7 18. Rad1 Re7 19. Qf3 Rd8 20. h4 Ne6 21. h5 g5 22.
Nd3 c4 23. Nb4 Nf4 24. Nc2 c5 25. Ne3 Qxh5 26. Qxh5 Nxh5 27. Nxc4 Red7 28. Kf1 Nf4 29.
g3 Ng6 30. f4 g4 31. e5 b5 32. Nd6 fxe5 33. Nxb5 exf4 34. gxf4 Rf7 35. Kg2 Nxf4+ 36. Kg3 Ng6 37. Re4 Be5+ 38. Rxe5 Rxd1 39. Re8+ Nf8 40. Nc7 Rg1+ 41. Kh2 Rgf1 42. Ne6 R1f6 43. Bxf8 Rxf8 44. Nxf8 Rxf8 45. Re7 Rf7 46. Re8+ Kg7 47. Rc8 h5 48. Rxc5 Kg6 49. Rc6+ Kg5 50. Rc5+ Kh4 51. Rc6 Rf2+ 52. Kg1 Rxb2 53. Ra6 Kg3 54. Kf1 h4 55. Ra3+ Kh2 56. Ra4 Kh3 57. Ra3+ g3 58. Rxa7 g2+ 0-1

[Event "*** Titled Tuesday Blitz"]
[Site "Chess.com"]
[Date "2020.11.10"]
[Round "9"]
[White "IngOscarArdila"]
[Black "MarceloPlaya"]
[Result "0-1"]
[WhiteElo "2124"]
[BlackElo "2286"]
[TimeControl "180+1"]
[EndTime "11:52:30 PST"]
[Termination "MarceloPlaya won by resignation"]

1. d4 e6 2. c4 Nf6 3. Nc3 Bb4 4.
Bd2 O-O 5. Nf3 d5 6. e3 Bxc3 7.
Bxc3 Ne4 8. Rc1 Nxc3 9. Rxc3 b6 10. cxd5 exd5 11. Qc2 c6 12. Bd3 h6 13. Ne5 Bb7 14.
O-O Qd6 15. Rc1 c5 16. Nf3 c4 17. Bh7+ Kh8 18. Bf5 g6 19. Bh3 Na6 20. a3 Bc8 21.
Bxc8 Rfxc8 22. b3 b5 23. bxc4 dxc4 24. Ne5 Kg7 25. Qe4 Rab8 26. Qf3 Rc7 27. h4 h5 28.
g3 Rbc8 29. Qe4 Nb8 30. Nf3 a5 31. Ng5 b4 32. axb4 axb4 33. R3c2 c3 34. Rb1 Na6 35.
Qd3 Rb8 36. Ra2 Rb6 37. Ne4 Qd5 38. Rxa6 Rxa6 39. Qxa6 c2 40. Rc1 Qxe4 41. Qb6 Rb7 42. Qc5 b3 43. d5 b2 44. Qc3+ Kh7 45. Rxc2 b1=Q+ 46. Rc1 Qbd3 47. Qxd3 Qxd3 0-1

[Event "*** Titled Tuesday Blitz"]
[Site "Chess.com"]
[Date "2020.11.10"]
[Round "9"]
[White "ViditYT"]
[Black "petrpalachev"]
[Result "0-1"]
[WhiteElo "2860"]
[BlackElo "2745"]
[TimeControl "180+1"]
[EndTime "11:52:31 PST"]
[Termination "petrpalachev won by checkmate"]

1. d4 Nf6 2. c4 e6 3. Nf3 d5 4.
Nc3 Bb4 5. Bg5 h6 6. Bxf6 Qxf6 7. Qa4+ Nc6 8. e3 O-O 9. Be2 dxc4 10. O-O a6 11.
Bxc4 Bd7 12. Qc2 Bd6 13. Rad1 Qe7 14. a3 b5 15. Bd3 b4 16. Ne4 bxa3 17. Nxd6 cxd6 18.
bxa3 Rfc8 19. Qe2 a5 20. Rb1 e5 21. dxe5 dxe5 22. Be4 Be8 23. Qa2 Rab8 24. h3 a4 25. Rfc1 Na5 26. Rxb8 Rxb8 27. Rc3 Nb3 28. Qb2 Rd8 29. Bc2 e4 30. Nh2 Nd2 31. Qb6 f5 32.
Rc7 Qd6 33. Qa7 Qf6 34. g3 g5 35. Kg2 h5 36. Bxa4 Bxa4 37. Qxa4 f4 38. gxf4 gxf4 39. Qa7 Qg6+ 40. Kh1 Nf3 41. Nxf3 exf3 42. Rd7 Qg2# 0-1

[Event "*** Titled Tuesday Blitz"]
[Site "Chess.com"]
[Date "2020.11.10"]
[Round "9"]
[White "frederiksvane"]
[Black "GukeshDommaraju"]
[Result "0-1"]
[WhiteElo "2705"]
[BlackElo "2872"]
[TimeControl "180+1"]
[EndTime "11:52:31 PST"]
[Termination "GukeshDommaraju won by resignation"]

1. e4 c6 2. d4 d5 3. exd5 cxd5 4.
Bd3 Nf6 5. c3 Bg4 6. Qb3 Qc7 7.
h3 Bd7 8. Nf3 Bc6 9. O-O e6 10.
Ne5 Nbd7 11. Bf4 Bd6 12. Re1 Ne4 13. Bxe4 dxe4 14. Nxc6 Bxf4 15. Nb4 a5 16. Nc2 a4 17. Qb4 Bd6 18. Qb5 Ra5 19. Qe2 f5 20. Nba3 O-O 21.
Nc4 Ra6 22. Nxd6 Qxd6 23. Na3 Rc8 24. Rac1 Qd5 25. c4 Qc6 26. Red1 Nf6 27. Nb5 Qd7 28.
Qe3 h6 29. Qf4 Rb6 30. Qe5 Ne8 31. d5 Qf7 32. d6 Qd7 33. Rc3 Nf6 34. Rd2 Kh7 35.
Na3 Rbc6 36. c5 Nd5 37. Rxd5 exd5 38. Qxd5 b6 39. cxb6 Rxd6 40. b7 Rxc3 41. bxc3 Rxd5 42. b8=Q Rd1+ 43. Kh2 Qd6+ 44. Qxd6 Rxd6 45. Nb5 Rd2 46. a3 Rxf2 0-1

[Event "*** Titled Tuesday Blitz"]
[Site "Chess.com"]
[Date "2020.11.10"]
[Round "9"]
[White "Supernotar"]
[Black "ftorodent"]
[Result "1-0"]
[WhiteElo "2860"]
[BlackElo "2704"]
[TimeControl "180+1"]
[EndTime "11:52:31 PST"]
[Termination "Supernotar won by checkmate"]

1. d4 d5 2. c4 e6 3. Nf3 Nf6 4. e3 Be7 5. Nbd2 O-O 6. Bd3 b6 7. O-O Bb7 8. b3 c5 9. Bb2 Nc6 10. Rc1 Rc8 11. Qe2 Bd6 12. Ne5 Bxe5 13. dxe5 Nd7 14.
f4 f5 15. exf6 Nxf6 16. Kh1 Qe7 17. e4 Rce8 18. e5 Nd7 19. cxd5 exd5 20. Rce1 Nb4 21. Bb5 Bc6 22. Bxc6 Nxc6 23. e6 d4 24. Qf3 Ndb8 25.
f5 Nb4 26. a3 Nc2 27. Re4 Qg5 28. Nc4 b5 29. Ne5 Rxe6 30. fxe6 Rxf3 31. Nxf3 Qe7 32. Bc1 h6 33. Nh4 Nc6 34. Ng6 Qe8 35. e7 Nxe7 36.
Nxe7+ Kh7 37. Re6 d3 38. Ng6 Qc8 39. Rd6 Qg4 40. Nf8+ Kg8 41. Ng6 Qe2 42. Rf8+ Kh7 43. Rh8# 1-0

[Event "*** Titled Tuesday Blitz"]
[Site "Chess.com"]
[Date "2020.11.10"]
[Round "9"]
[White "juancruzarias"]
[Black "northridgehawk"]
[Result "1-0"]
[WhiteElo "2594"]
[BlackElo "2297"]
[TimeControl "180+1"]
[EndTime "11:52:33 PST"]
[Termination "juancruzarias won by checkmate"]

1. d4 Nf6 2. Bg5 Ne4 3. Bh4 c5 4. f3 Nf6 5. d5 Qb6 6. Nd2 Qxb2 7. e4 Qb6 8. Rb1 Qd8 9. Nc4 d6 10. Bd3 Nbd7 11. Ne2 g6 12. O-O Bg7 13. a4 O-O 14.
f4 Qc7 15. Nc3 b6 16. Qe1 Bb7 17. Kh1 Rfe8 18. f5 a6 19. fxg6 hxg6 20. Bg3 Nh5 21. Bf2 Rab8 22. Be3 Ba8 23. Qf2 Nhf6 24. h3 e6 25. Bg5 exd5 26. exd5 Re7 27. Qh4 Qd8 28. Rxf6 Nxf6 29. Rf1 b5 30. axb5 axb5 31. Nd2 c4 32.
Rxf6 cxd3 33. Rf1 f6 34. Bxf6 Bxf6 35. Qxf6 Rg7 36. Qd4 dxc2 37. Nde4 Kh7 38. Nf6+ Qxf6 39. Qxf6 g5 40. Ne4 b4 41. Nxg5+ Kg8 42. Qe6+ Kh8 43. Qh6+ Kg8 44. Ne6 Rxg2 45. Kxg2 Bxd5+ 46. Kg3 c1=Q 47. Qg7# 1-0

[Event "*** Titled Tuesday Blitz"]
[Site "Chess.com"]
[Date "2020.11.10"]
[Round "9"]
[White "HanSchut"]
[Black "A-S-00"]
[Result "0-1"]
[WhiteElo "2208"]
[BlackElo "2339"]
[TimeControl "180+1"]
[EndTime "11:52:33 PST"]
[Termination "A-S-00 won by resignation"]

1. e4 c5 2. Nf3 d6 3. d4 cxd4 4. Nxd4 Nf6 5. f3 g6 6. c4 Bg7 7. Be3 O-O 8. Qd2 Nc6 9. Nc3 Bd7 10. Rc1 Rc8 11. Be2 Ne5 12. b3 Qc7 13. O-O Qb8 14.
Rfd1 Rfd8 15. h3 h5 16. f4 Nc6 17. Bf3 Bh6 18. Qf2 Nxd4 19. Rxd4 e5 20. Rdd1 exf4 21. Bxa7 Qa8 22. Bd4 Bg7 23. a4 Bc6 24. Ne2 Re8 25. Nxf4 Nxe4 26. Bxe4 Bxe4 27. Bxg7 Kxg7 28. Rxd6 Qa5 29.
Rf1 Rc7 30. Nd5 Bxd5 31. Qf6+ Kg8 32. Rxd5 Qb4 33. Rfd1 Qxb3 34. Rd8 Qe3+ 35. Kh1 Rc8 36. R8d7 Qe6 37. Qxe6 Rxe6 38. Rxb7 Rxc4 39. Rf1 Rc2 40. Rfxf7 Ree2 41. Kh2 Rxg2+ 42. Kh1 Rh2+ 43. Kg1 Rhd2 44.
Rf1 Rg2+ 0-1

[Event "*** Titled Tuesday Blitz"]
[Site "Chess.com"]
[Date "2020.11.10"]
[Round "9"]
[White "Pavlov_Sergey"]
[Black "mapleaff"]
[Result "0-1"]
[WhiteElo "2596"]
[BlackElo "2417"]
[TimeControl "180+1"]
[EndTime "11:52:35 PST"]
[Termination "mapleaff won on time"]

1. d4 Nf6 2. Nf3 e6 3. e3 b6 4. Bd3 Bb7 5. O-O Rg8 6. c4 g5 7. Nc3 g4 8. Ne1 h5 9. e4 d6 10.
Nc2 h4 11. d5 e5 12. Ne3 Bh6 13. Nf5 Bxc1 14. Rxc1 Nh5 15. Nh6 Rg6 16. Nxg4 Qg5 17. h3 Nd7 18. Qf3 Ndf6 19. Qf5 Nxg4 20. Qxg5 Rxg5 21.
hxg4 Rxg4 22. Be2 Rg5 23. Bxh5 Rxh5 24. f4 Ke7 25. Nb5 Rg8 26. Nxc7 h3 27. Rc2 a6 28. fxe5 Rxe5 29. Rcf2 Rxg2+ 30. Rxg2 hxg2 31. Rf4 Bc8 32. Na8 b5 33. Nb6 Bb7 34. cxb5 axb5 35. Kxg2 Ba6 36. b3 b4 37. Nc4 Rg5+ 38. Kf2 Rh5 39.
Rf3 Rh2+ 40. Ke3 Rxa2 41. Kd4 Rc2 42. Re3 Bb5 0-1